 Dungeon Crawl Stone Soup version 0.16-a0-1196-ged0958e (webtiles) character file.

123 Foahim the Slasher (level 4, -5/34 HPs)
             Began as a Demonspawn Gladiator on Oct 11, 2014.
             Slain by a gnoll
             ... wielding a +0 spear
              (6 damage)
             ... on level 3 of the Dungeon.
             The game lasted 00:06:31 (1519 turns).

Foahim the Slasher (Demonspawn Gladiator)           Turns: 1519, Time: 00:06:31

Health: -5/34      AC:  5    Str: 17    XL:     4   Next: 80%
Magic:  4/4        EV: 10    Int:  9    God:
Gold:   201        SH:  0    Dex: 13    Spells: 0 memorised, 3 levels left

rFire  . . .     SeeInvis .     a - +0 long sword
rCold  + . .     Clarity  .     e - +0 ring mail
rNeg   . . .     SustAb   .     (no shield)
rPois  .         Gourm    .     (helmet restricted)
rElec  .         Spirit   .     (no cloak)
rCorr  .         Warding  .     (no gloves)
rMut   .         Stasis   .     (no boots)
MR     .....                    (no amulet)
Stlth  +.........               (no ring)
                                k - ring of protection from cold

@: not resistant to hostile enchantments, very unstealthy
A: horns 1, talons 1
a: no special abilities


You were on level 3 of the Dungeon.
You were not hungry.

You visited 1 branch of the dungeon, and saw 3 of its levels.

You collected 201 gold pieces.

Inventory:

Hand weapons
 a - a +0 long sword (weapon)
Missiles
 d - 2 throwing nets (quivered)
 t - 5 javelins of returning
Armour
 c - a +0 helmet
 e - a +0 ring mail (worn)
Comestibles
 f - 2 bread rations
 h - 4 fruits
Scrolls
 b - a scroll of remove curse {unknown}
 g - a scroll of enchant weapon {unknown}
 j - a scroll of magic mapping {unknown}
 m - a scroll of teleportation {unknown}
 n - a scroll of random uselessness {unknown}
 o - 2 scrolls of identify {unknown}
 p - a scroll of amnesia {unknown}
 r - a scroll of immolation {unknown}
Jewellery
 k - a ring of protection from cold (left hand)
Potions
 i - a potion of agility {unknown}
 l - a potion of confusion {unknown}
 q - a potion of might {unknown}


   Skills:
 + Level 2.5 Fighting
 + Level 3.6 Long Blades
 + Level 2.2 Throwing
 + Level 1.1 Armour
 + Level 3.5 Dodging
 + Level 0.4 Stealth


You had 3 spell levels left.
You didn't know any spells.

Dungeon Overview and Level Annotations

Branches:
Dungeon (3/15)

Altars:


Innate Abilities, Weirdness & Mutations

You have a pair of small horns on your head.
You have sharp toenails.


Message History

The gnoll hits you from afar with a spear.
The gnoll closely misses you.
You closely miss the gnoll. You claw the gnoll, but do no damage.
The gnoll is lightly wounded.
The gnoll closely misses you. The gnoll hits you but does no damage.
You barely miss the gnoll. You claw the gnoll. Your headbutt misses the gnoll.
The gnoll is lightly wounded.
The gnoll hits you but does no damage. The gnoll hits you.
The gnoll barely misses you. The gnoll hits you.
* * * LOW HITPOINT WARNING * * *
You slash the gnoll! Your kick misses the gnoll.
Your headbutt misses the gnoll.
The gnoll is almost dead.
The gnoll hits you.
* * * LOW HITPOINT WARNING * * *
The gnoll hits you but does no damage.
You slash the gnoll!
You kill the gnoll!
The gnoll hits you from afar with a spear.
You die...

##### #...# #.#.# #.#)#
#.#.# #.#@# #.#J######
#.#.g....##....
#.#......##.......
#.#......##........
#####.#......##!........
#.....#......##.........
#.#####......##..g......
#.# #.#......##.........


You could see an ooze and a gnoll.

Vanquished Creatures
  An orc priest (D:3)
  2 gnolls (D:3)
  A giant mite (D:1)
  2 worms
  2 giant geckos
  3 orcs (D:3)
  4 giant cockroaches
  8 goblins
  8 hobgoblins
  2 kobolds
  6 bats
  2 giant newts (D:1)
  5 rats
46 creatures vanquished.

Notes
Turn   | Place    | Note
--------------------------------------------------------------
     0 | D:1      | Foahim, the Demonspawn Gladiator, began the quest for the Orb.
     0 | D:1      | Reached XP level 1. HP: 16/16 MP: 1/1
   225 | D:1      | Gained mutation: You have sharp toenails. [demonic ancestry]
   225 | D:1      | Reached XP level 2. HP: 8/22 MP: 2/2
   281 | D:1      | Reached skill level 3 in Long Blades
   454 | D:1      | Reached XP level 3. HP: 14/27 MP: 3/3
  1442 | D:3      | Gained mutation: You have a pair of small horns on your head. [demonic ancestry]
  1442 | D:3      | Reached XP level 4. HP: 30/34 MP: 4/4
  1512 | D:3      | Reached skill level 1 in Armour
  1518 | D:3      | HP: 1/34 [gnoll (6)]
  1519 | D:3      | Slain by a gnoll

Action                   |  1- 3 |  4- 6 || total
-------------------------+-------+-------++-------
Melee: Long sword        |   130 |    22 ||   152
Throw: Throwing net      |     3 |     1 ||     4
 Stab: Held in net/web   |     1 |       ||     1
  Eat: Beef jerky        |     1 |       ||     1
       Pizza             |       |     1 ||     1
